 Dungeon Crawl Stone Soup version 0.20.0-7-g3b7b877 (webtiles) character file.

36761 mopl the Arsonist (level 13, -8/73 HPs)
             Began as a Deep Elf Fire Elementalist on May 29, 2017.
             Was a High Priest of Vehumet.
             Shot with an arrow by a salamander (10 damage)
             ... in a volcano.
             The game lasted 00:54:40 (19600 turns).

mopl the Arsonist (Deep Elf Fire Elementalist)     Turns: 19600, Time: 00:54:41

Health: -8/73      AC:  8    Str:  5    XL:     13   Next: 54%
Magic:  3/31       EV: 18    Int: 26    God:    Vehumet [*****.]
Gold:   521        SH:  0    Dex: 15    Spells: 13/36 levels left

rFire    + + .     SeeInvis .   q - +0 quarterstaff
rCold    x . .     Gourm    .   (shield currently unavailable)
rNeg     . . .     Faith    .   S - +2 robe {MR+}
rPois    .         Spirit   .   m - +1 helmet
rElec    .         Reflect  .   (no cloak)
rCorr    .         Harm     .   F - +0 pair of gloves
MR       ++...                  E - +0 pair of boots
Stlth    ++........             (no amulet)
Regen    0.3/turn               B - ring of fire
MPRegen  0.3/turn               i - ring of protection from fire

@: no status effects
A: no striking features
a: Renounce Religion


You were in a volcano.
You worshipped Vehumet.
Vehumet was extremely pleased with you.
You were not hungry.

You visited 2 branches of the dungeon, and saw 16 of its levels.
You also visited: Volcano.

You collected 915 gold pieces.
You spent 394 gold pieces at shops.

Inventory:

Hand Weapons
 l - the +3 whip of Doom {holy, rElec Str+4 Int+2}
   (You found it on level 5 of the Lair of Beasts)

   It has been blessed by the Shining One to cause great damage to the undead
   and demons.
   It affects your strength (+4).
   It affects your intelligence (+2).
   It insulates you from electricity.
 q - a +0 quarterstaff (weapon)
Missiles
 u - 23 tomahawks (quivered)
 v - 16 poisoned needles
 P - 8 javelins
 Y - 6 javelins of returning
Armour
 m - a +1 helmet (worn)
 E - a +0 pair of boots (worn)
 F - a +0 pair of gloves (worn)
 S - a +2 robe of magic resistance (worn)
 T - a +0 buckler
Jewellery
 i - a ring of protection from fire (right hand)
 B - a ring of fire (left hand)
 M - an uncursed ring of resist corrosion
Wands
 a - a wand of iceblast (0/15)
 G - a wand of polymorph (21/24)
 J - a wand of lightning (5/15)
 Q - a wand of confusion (22/48)
 U - a wand of paralysis (11/24)
Scrolls
 e - 9 scrolls of remove curse
 g - 2 scrolls of immolation {unknown}
 j - 2 scrolls of fog {unknown}
 k - a scroll of holy word
 o - 3 scrolls of teleportation
 s - 3 scrolls of magic mapping
 x - 6 scrolls of enchant armour
 C - 3 scrolls of amnesia {unknown}
 H - a scroll of silence {!r}
 K - a scroll of recharging
 L - 2 scrolls of vulnerability {unknown}
 R - 2 scrolls of brand weapon
 V - a scroll of fear
Potions
 d - 2 potions of ambrosia
 f - 7 potions of curing
 h - a potion of agility
 n - 2 potions of resistance
 t - a potion of brilliance
 A - 5 potions of flight
 D - 2 potions of haste
 O - a potion of lignification {!q}
 W - 2 potions of cancellation
 Z - 2 potions of magic
Books
 I - a Young Poisoner's Handbook

   Spells                             Type                      Level
   a - Sting                          Conjuration/Poison           1
   b - Poisonous Vapours              Poison/Air                   2
   c - Mephitic Cloud                 Conjuration/Poison/Air       3
   d - Olgreb's Toxic Radiance        Poison                       4
   e - Venom Bolt                     Conjuration/Poison           5
Miscellaneous
 y - a sack of spiders
Comestibles
 b - 16 royal jellies
 c - 12 bread rations
 z - 4 meat rations
 N - 8 fruits


   Skills:
 + Level 5.4 Fighting
 + Level 2.6 Staves
 + Level 8.9 Dodging
 - Level 2.4 Stealth
 + Level 12.1 Spellcasting
 * Level 13.6 Conjurations
 - Level 5.0 Hexes
 * Level 14.1 Fire Magic
 + Level 0.4 Air Magic
 - Level 5.0 Earth Magic
 + Level 0.9 Poison Magic


You had 13 spell levels left.
You knew the following spells:

 Your Spells              Type           Power        Failure   Level  Hunger
a - Flame Tongue          Conj/Fire      #####        0%          1    None
b - Stone Arrow           Conj/Erth      ######       1%          3    None
c - Conjure Flame         Conj/Fire      #######.     1%          3    None
d - Sticky Flame          Conj/Fire      #######.     1%          4    None
e - Throw Flame           Conj/Fire      ######       0%          2    None
f - Fireball              Conj/Fire      #######...   1%          5    ###....
g - Poisonous Vapours     Pois/Air       ###...       4%          2    None
h - Inner Flame           Hex/Fire       #######.     1%          3    None


Dungeon Overview and Level Annotations

Branches:
Dungeon (10/15)            Temple (0/1) D:7            Lair (6/6) D:9
 Shoals (0/4) Lair:2        Snake (0/4) Lair:2        Slime (0/5) Lair:6
    Orc: D:9-12

Altars:
Cheibriados
Dithmenos
Elyvilon
Fedhas
Gozag
Nemelex Xobeh
Okawaru
Trog
Vehumet

Shops:
D:4 %   D:7 ?   D:9 *

Annotations:
D:5 dig
Lair:1 exclusion: oklob plant


Message History

Unknown command.
You hit the salamander but do no damage.
The salamander is heavily wounded.
The salamander hits you!
* * * LOW HITPOINT WARNING * * *
You are engulfed in flames.
You resist.
* * * LOW HITPOINT WARNING * * *
The salamander wields an uncursed shortbow of flaming.
It bursts into flame!
The salamander shoots an arrow.
The arrow hits you.
* * * LOW HITPOINT WARNING * * *
You see here an arrow.
The salamander shoots an arrow.
The arrow hits you!
* * * LOW HITPOINT WARNING * * *
The arrow burns you.
* * * LOW HITPOINT WARNING * * *
You see here an arrow.
Unknown command.
The salamander looks more healthy.
The salamander shoots an arrow.
The arrow hits you!
You die...

##### #.N.# #### ##.#.### #..#
##.###N)### ##..###N##∩###..##
#....###.....###.#
##...§.###....##.#
##.......###@####.#
#....≈§≈§§§###.§.N##
##.§.≈≈≈§≈§.........##
##..§.≈§≈§≈≈≈≈≈§≈≈....##
###..§§≈§§≈§§≈≈≈≈≈≈§≈§§..####
#.....§≈≈≈≈§§≈≈≈§§≈≈≈§....#.#
.....≈≈≈≈≈≈≈≈≈≈§§≈≈≈≈§§.....#
....≈≈§≈§≈≈§§≈≈≈§§§≈≈≈§§....##
...≈≈§≈≈≈≈≈§§§≈≈≈≈≈≈≈≈≈≈.....#


You could see a salamander.

Vanquished Creatures
  3 hydras
  5 two-headed ogres
  Urug (Lair:3)
  3 salamanders (Volcano)
  A manticore (Lair:5)
  A centaur zombie (D:10)
  2 merfolk sirens (Lair:2)
  4 black mambas
  5 spiny frogs
  A torpor snail (Lair:4)
  5 komodo dragons
  3 rime drakes
  2 merfolk (Lair:2)
  A queen bee (Lair:2)
  2 polar bears
  2 hornets (D:9)
  6 dream sheep (Lair:5)
  The ghost of no0bjke the Skirmisher, an amateur GrFi (D:4)
  7 hippogriffs
  16 blink frogs
  11 wyverns
  9 fire bats
  29 yaks
  6 basilisks
  2 hungry ghosts (D:8)
  2 soldier ants (D:9)
  3 nagas (Lair:2)
  5 water moccasins
  3 hell hounds (Lair:5)
  4 porcupines
  2 sky beasts
  3 eyes of draining
  2 orc warriors
  A necrophage (D:6)
  2 phantoms
  3 ogres
  9 crocodiles
  A big kobold (D:10)
  13 bullfrogs
  A gnoll sergeant (D:10)
  5 scorpions
  32 killer bees
  7 lava snakes (Volcano)
  2 crimson imps
  2 bullfrog zombies
  2 bullfrog skeletons
  5 orc priests
  5 hounds
  2 jellies
  9 orc wizards
  4 iguanas
  Natasha (thrice) (D:4)
  10 worker ants
  2 hound skeletons (D:4)
  2 hound zombies
  A howler monkey zombie (D:10)
  2 worker ant zombies
  14 gnolls
  9 adders
  2 shadow imps
  4 oozes
  2 adder zombies
  An adder skeleton (D:5)
  2 worms (D:2)
  A dart slug (D:4)
  9 leopard geckos
  38 orcs
  2 giant cockroaches
  3 goblins
  6 hobgoblins
  9 jackals
  6 quokkas
  2 ball pythons
  5 bats
  9 frilled lizards
  6 kobolds
  3 leopard gecko skeletons
  4 rats
414 creatures vanquished.

Vanquished Creatures (collateral kills)
  A salamander mystic (Volcano)
1 creature vanquished.

Vanquished Creatures (others)
  6 fungi
  A plant (Lair:5)
7 creatures vanquished.

Grand Total: 422 creatures vanquished

Notes
Turn   | Place    | Note
-------+----------+-------------------------------------------
     0 | D:1      | mopl the Deep Elf Fire Elementalist began the quest for the Orb.
     0 | D:1      | Reached XP level 1. HP: 10/10 MP: 6/6
   383 | D:1      | Reached XP level 2. HP: 14/15 MP: 0/8
  1031 | D:2      | Learned a level 2 spell: Throw Flame
  1103 | D:2      | Reached skill level 4 in Fire Magic
  1227 | D:2      | Reached skill level 2 in Conjurations
  1227 | D:2      | Reached XP level 3. HP: 9/19 MP: 5/10
  1243 | D:2      | Learned a level 3 spell: Conjure Flame
  1738 | D:2      | Reached XP level 4. HP: 16/24 MP: 0/11
  1744 | D:2      | Learned a level 4 spell: Sticky Flame
  1983 | D:2      | Reached skill level 3 in Conjurations
  2098 | D:3      | Found a shadowy altar of Dithmenos.
  2098 | D:3      | Found a white marble altar of Elyvilon.
  2229 | D:3      | Noticed an eye of draining
  2238 | D:3      | Found a bloodstained altar of Trog.
  2305 | D:3      | Killed an eye of draining
  2305 | D:3      | Reached skill level 4 in Spellcasting
  2305 | D:3      | Reached skill level 5 in Fire Magic
  2305 | D:3      | Reached XP level 5. HP: 28/28 MP: 1/13
  2402 | D:3      | Noticed an eye of draining
  2415 | D:3      | Killed an eye of draining
  2415 | D:3      | Reached skill level 4 in Conjurations
  2415 | D:3      | Reached XP level 6. HP: 32/32 MP: 1/14
  3081 | D:4      | Noticed Natasha
  3085 | D:4      | Killed Natasha
  3089 | D:4      | Noticed no0bjke's ghost (amateur GrFi)
  3654 | D:4      | Found Qysist's Food Emporium.
  3667 | D:4      | Noticed Natasha
  3683 | D:4      | Killed Natasha
  3683 | D:4      | Reached skill level 6 in Fire Magic
  3992 | D:4      | Noticed Natasha
  4010 | D:4      | Killed Natasha
  4010 | D:4      | Reached skill level 5 in Spellcasting
  4023 | D:4      | Reached XP level 7. HP: 28/36 MP: 1/16
  4036 | D:4      | Learned a level 5 spell: Fireball
  4169 | D:4      | Found a snail-covered altar of Cheibriados.
  4200 | D:4      | Reached skill level 5 in Conjurations
  4871 | D:4      | Killed no0bjke's ghost
  4871 | D:4      | Reached skill level 7 in Fire Magic
  4909 | D:5      | Entered Level 5 of the Dungeon
  5000 | D:5      | Noticed a troll
  5000 | D:5      | Noticed a hungry ghost
  5167 | D:5      | Reached skill level 6 in Conjurations
  5290 | D:5      | Reached skill level 6 in Spellcasting
  5290 | D:5      | Reached XP level 8. HP: 21/41 MP: 10/19
  6534 | D:6      | Reached skill level 7 in Conjurations
  6630 | D:6      | Reached skill level 8 in Fire Magic
  6751 | D:6      | Reached skill level 7 in Spellcasting
  6804 | D:6      | Found a radiant altar of Vehumet.
  6812 | D:6      | Became a worshipper of Vehumet
  7344 | D:7      | Found a sparkling altar of Nemelex Xobeh.
  7587 | D:7      | Found an opulent altar of Gozag.
  7623 | D:7      | Found Gidarch's Magic Scroll Boutique.
  7673 | D:7      | Found a staircase to the Ecumenical Temple.
  7709 | D:7      | Bought a scroll of magic mapping for 49 gold pieces
  7709 | D:7      | Bought a scroll of magic mapping for 49 gold pieces
  7709 | D:7      | Bought a scroll of teleportation for 42 gold pieces
  7709 | D:7      | Bought a scroll of identify for 28 gold pieces
  7709 | D:7      | Bought a scroll of identify for 28 gold pieces
  7709 | D:7      | Bought a scroll of recharging for 133 gold pieces
  7872 | D:7      | Reached skill level 9 in Fire Magic
  7922 | D:7      | Learned a level 3 spell: Inner Flame
  7925 | D:7      | Reached skill level 8 in Conjurations
  7925 | D:7      | Reached XP level 9. HP: 45/45 MP: 13/22
  8260 | D:8      | Reached skill level 8 in Spellcasting
  8289 | D:8      | Noticed a two-headed ogre
  8323 | D:8      | Reached * piety under Vehumet
  8323 | D:8      | Offered knowledge of Freeze by Vehumet.
  8657 | D:8      | Killed a two-headed ogre
  8657 | D:8      | Reached skill level 9 in Conjurations
  8657 | D:8      | Reached skill level 10 in Fire Magic
  8698 | D:8      | Noticed a two-headed ogre
  8711 | D:8      | Killed a two-headed ogre
  8711 | D:8      | Reached skill level 1 in Fighting
  8711 | D:8      | Reached skill level 9 in Spellcasting
  8711 | D:8      | Reached skill level 1 in Hexes
  8711 | D:8      | Reached XP level 10. HP: 52/52 MP: 2/25
  8888 | D:8      | Noticed a two-headed ogre
  8904 | D:8      | Killed a two-headed ogre
  8904 | D:8      | Reached skill level 3 in Dodging
  8904 | D:8      | Reached skill level 2 in Hexes
  8906 | D:8      | Reached skill level 10 in Conjurations
  9137 | D:8      | Found an iron altar of Okawaru.
  9540 | D:9      | Reached skill level 2 in Fighting
  9945 | D:9      | Found a staircase to the Lair.
  9952 | D:9      | Found Barphipsveca's Bounteous Boutique.
  9959 | D:9      | Reached ** piety under Vehumet
  9959 | D:9      | Offered knowledge of Throw Frost by Vehumet.
  9965 | D:9      | Bought a potion of berserk rage for 65 gold pieces
 10020 | D:9      | Reached skill level 3 in Hexes
 10020 | D:9      | Reached skill level 11 in Fire Magic
 10059 | D:9      | Found a blossoming altar of Fedhas.
 10122 | D:9      | Reached skill level 4 in Dodging
 10394 | D:9      | Paralysed by a hornet for 2 turns
 10633 | D:9      | Reached skill level 4 in Hexes
 10956 | D:10     | Entered Level 10 of the Dungeon
 10956 | D:10     | Noticed a two-headed ogre
 10962 | D:10     | Killed a two-headed ogre
 11001 | D:10     | Reached XP level 11. HP: 54/59 MP: 7/26
 11096 | D:10     | Noticed a two-headed ogre
 11194 | D:10     | Offered knowledge of Stone Arrow by Vehumet.
 11201 | D:10     | Reached skill level 5 in Dodging
 11212 | D:10     | Killed a two-headed ogre
 11212 | D:10     | Reached skill level 11 in Conjurations
 11230 | D:10     | Learned a level 3 spell: Stone Arrow
 11266 | D:10     | Got a crude plate armour
 11356 | D:9      | Identified the +9 plate armour "Nisyfydi" {MR+} (You found it on level 10 of the Dungeon)
 11478 | D:10     | Reached *** piety under Vehumet
 11577 | D:10     | Reached skill level 3 in Fighting
 11581 | D:10     | Reached skill level 10 in Spellcasting
 11616 | D:10     | Reached skill level 5 in Hexes
 11797 | Lair:1   | Entered Level 1 of the Lair of Beasts
 11923 | Lair:1   | Reached skill level 1 in Earth Magic
 12282 | Lair:1   | Noticed an oklob plant
 12345 | Lair:1   | Reached skill level 6 in Dodging
 12510 | Lair:2   | Reached skill level 12 in Fire Magic
 12611 | Lair:2   | joejoepie: u're poisoned m8
 12974 | Lair:2   | HP: 3/60 [merfolk/trident (23)]
 12975 | Lair:2   | Offered knowledge of Ignite Poison by Vehumet.
 12979 | Lair:2   | Reached skill level 2 in Earth Magic
 13362 | Lair:1   | Reached **** piety under Vehumet
 13844 | Lair:2   | Offered knowledge of Bolt of Draining by Vehumet.
 13945 | Lair:2   | Found a staircase to the Shoals.
 14032 | Lair:2   | Reached XP level 12. HP: 28/66 MP: 17/28
 14297 | Lair:2   | Found a staircase to the Snake Pit.
 14299 | Lair:2   | Reached skill level 4 in Fighting
 14299 | Lair:2   | Reached skill level 3 in Earth Magic
 14792 | Lair:3   | Reached skill level 7 in Dodging
 15152 | Lair:3   | Reached skill level 12 in Conjurations
 15177 | Lair:3   | Reached skill level 11 in Spellcasting
 15525 | Lair:3   | Reached skill level 13 in Fire Magic
 15689 | Lair:3   | Noticed Urug
 15690 | Lair:3   | Noticed a six-headed hydra
 15697 | Lair:3   | Killed a six-headed hydra
 15720 | Lair:3   | Killed Urug
 15720 | Lair:3   | Reached skill level 4 in Earth Magic
 16339 | Lair:4   | Noticed a five-headed hydra
 16372 | Lair:4   | Killed a five-headed hydra
 16372 | Lair:4   | Reached skill level 8 in Dodging
 17041 | Lair:5   | Reached skill level 5 in Fighting
 17113 | Lair:5   | Noticed an eight-headed hydra
 17130 | Lair:5   | Killed an eight-headed hydra
 17134 | Lair:5   | Reached skill level 13 in Conjurations
 17134 | Lair:5   | Reached XP level 13. HP: 71/72 MP: 6/30
 17277 | Lair:5   | Reached skill level 1 in Staves
 17313 | Lair:5   | Got an iridescent whip
 17314 | Lair:5   | Identified the +3 whip of Doom {holy, rElec Str+4 Int+2} (You found it on level 5 of the Lair of Beasts)
 17516 | Lair:5   | Reached skill level 5 in Earth Magic
 17520 | Lair:5   | Reached ***** piety under Vehumet
 17813 | Lair:5   | Offered knowledge of Lightning Bolt by Vehumet.
 18015 | Lair:5   | Reached skill level 2 in Staves
 18547 | Lair:5   | Reached skill level 12 in Spellcasting
 18641 | Lair:6   | Entered Level 6 of the Lair of Beasts
 18705 | Lair:6   | Found a dark tunnel.
 18765 | Volcano  | Entered a volcano
 18781 | Volcano  | Reached skill level 14 in Fire Magic
 19251 | Volcano  | Learned a level 2 spell: Poisonous Vapours
 19264 | Volcano  | Found a radiant altar of Vehumet.
 19277 | Volcano  | HP: 3/73 [salamander/arrow (2)]
 19283 | Volcano  | Noticed a red draconian
 19596 | Volcano  | HP: 2/73 [salamander/arrow (8)]
 19600 | Volcano  | Shot with an arrow by a salamander

Skill      XL: |  1  2  3  4  5  6  7  8  9 10 11 12 13 |
---------------+----------------------------------------+-----
Fire Magic     | 4 5 6 7 9 10 11 12 13 14 | 14.1
Conjurations   | 2 3 4 6 8 9 10 11 13 | 13.6
Spellcasting   | 4 5 6 7 9 10 11 12 | 12.1
Fighting       | 1 2 3 5 |  5.4
Hexes          | 1 4 5 |  5.0
Dodging        | 4 6 8 |  8.9
Earth Magic    | 2 4 5 |  5.0
Staves         | 2 |  2.6
Stealth        | |  2.4
Air Magic      | |  0.4
Poison Magic   | |  0.9

Action                   |  1- 3 |  4- 6 |  7- 9 | 10-12 | 13-15 || total
-------------------------+-------+-------+-------+-------+-------++-------
Melee: Unarmed           |     2 |     2 |       |       |       ||     4
       Trident           |       |    32 |       |       |       ||    32
       Quarterstaff      |       |    20 |    96 |    88 |     4 ||   208
 Cast: Flame Tongue      |    79 |    88 |   210 |   259 |    10 ||   646
       Conjure Flame     |     1 |     5 |    16 |    59 |     3 ||    84
       Sticky Flame      |       |     4 |    12 |    81 |    24 ||   121
       Inner Flame       |       |       |     2 |     7 |       ||     9
       Fireball          |       |       |       |    25 |    10 ||    35
       Stone Arrow       |       |       |       |    27 |    70 ||    97
       Throw Flame       |       |       |       |     1 |       ||     1
       Poisonous Vapours |       |       |       |       |    12 ||    12
Evoke: Wand              |       |       |     1 |     6 |     3 ||    10
       Sack of spiders   |       |       |       |       |     2 ||     2
  Use: Scroll            |       |       |     8 |    10 |     7 ||    25
       Potion            |       |       |       |     4 |     4 ||     8
 Stab: Sleeping          |       |       |     1 |       |       ||     1
  Eat: Chunk             |     2 |     9 |    14 |    26 |     6 ||    57
       Royal jelly       |       |       |     1 |     1 |       ||     2
       Fruit             |       |       |       |     2 |     3 ||     5
Armor: Robe              |    10 |     8 |    12 |    45 |     8 ||    83
       Skin              |       |       |       |     6 |       ||     6
Dodge: Dodged            |    27 |    51 |   124 |   249 |    77 ||   528
